Map: Gresvan LE

Players

欺软怕硬小仙宝 - Winner!

  • Race: Terran Terran
  • League: Silver
  • Spawn Location: 5:00

winzboy

  • Race: Terran Terran
  • League: Gold
  • Spawn Location: 11:00

VOD

Have the link to the VOD?

Description

Time

  • Played on: May 30, 2023, 12:08 a.m.
  • Length: 4:03
Show
View Real Time Build Order
Export as new Build Order

欺软怕硬小仙宝 Terran - Winner!

Build Orders:  

Get SALT Encoding   

  12  0:00  SCV  
  13  0:12  SCV  
  14  0:17  Supply Depot  
  14  0:25  SCV  
  15  0:38  SCV  
  15  0:40  Barracks  
  16  0:44  Refinery  
  16  0:50  SCV  
  16  0:53  Refinery  
  17  1:04  SCV  
  18  1:16  SCV  
  19  1:27  Reaper  
  19  1:29  Orbital Command  
  20  1:35  Supply Depot  
  20  1:52  Factory  
  20  1:54  SCV  
  20  1:59  Reaper  
  22  2:07  SCV  
  23  2:19  SCV  
  24  2:24  Command Center  
  24  2:31  Reaper  
  24  2:32  SCV  
  26  2:38  Starport  
  26  2:40  Factory Tech Lab  
  26  2:45  SCV  
  27  2:51  Supply Depot  
  27  2:57  SCV  
  28  3:03  Cyclone  
  31  3:06  Barracks Tech Lab  
  31  3:13  SCV  
  31  3:19  Barracks  
  32  3:25  SCV  
  33  3:37  SCV  
  34  3:43  SCV  
  37  3:49  SCV  
Show
View Real Time Build Order
Export as new Build Order

winzboy Terran 

Build Orders:  

Get SALT Encoding   

  12  0:01  SCV  
  13  0:17  Supply Depot  
  13  0:20  SCV  
  14  0:32  SCV  
  15  0:41  Barracks  
  15  0:46  Refinery  
  15  0:47  SCV  
  16  0:59  SCV  
  17  1:11  SCV  
  18  1:23  SCV  
  19  1:29  Supply Depot  
  19  1:41  Orbital Command  
  19  1:45  Marine  
  20  2:08  Command Center  
  20  2:14  SCV  
  21  2:17  Marine  
  22  2:32  Barracks  
  22  2:33  SCV  
  22  2:34  Barracks  
  23  2:45  SCV, Barracks Tech Lab  
  24  2:57  SCV  
  25  3:09  SCV  
  26  3:15  Factory  
  26  3:18  Refinery  
  26  3:21  SCV  
  27  3:28  SCV  
  27  3:32  Marine  
  27  3:33  Marine x2, SCV  
  30  3:40  SCV  
  27  3:45  SCV  
Tags
 
Matchup
TvT
Race
Terran
Replay Pack
Multiplayer
Spawn Locations
Cross Positions
Add a new tag
Caveats
  • Supply blocks, unpowered buildings, or Contaminate may cause inaccurate times.
  • Supply counts are checked every 10 seconds.